 Dungeon Sprint DCSS version 0.21.2 (webtiles) character file.

347 Fang the Fighter (level 6, -12/45 HPs)
             Began as a Gargoyle Berserker on Dec 21, 2018.
             Was a High Priest of Trog.
             Mangled by a vampire knight
             ... wielding a +0 bardiche
              (28 damage)
             ... while paralysed by a vampire knight
             ... in the Dungeon (Sprint VII: "The Pits").
             The game lasted 00:01:15 (849 turns).

Fang the Fighter (Gargoyle Berserker)                Turns: 849, Time: 00:01:15

Health: -12/45     AC: 17    Str: 23    XL:     6   Next: 59%
Magic:  6/6        EV:  2    Int:  7    God:    Trog [*****.]
Gold:   0          SH:  0    Dex:  9    Spells: 5/5 levels left

rFire    . . .     SeeInvis .   n - +2 hand axe (chop)
rCold    . . .     Gourm    .   (no shield)
rNeg     + . .     Faith    .   m - +3 chain mail
rPois    ∞         Spirit   .   (no helmet)
rElec    +         Reflect  .   (no cloak)
rCorr    .         Harm     .   (no gloves)
MR       .....     NoTele   +   (no boots)
Stlth    ..........             (no amulet)
HPRegen  0.15/turn              (no ring)
MPRegen  0.10/turn              (no ring)

@: paralysed, berserk cooldown, slowed
A: negative energy resistance 1, electricity resistance, unbreathing,
petrification resistance, rot immunity, AC +4
a: Berserk, Trog's Hand, Brothers in Arms, Burn Spellbooks, Renounce Religion


You were in the Dungeon.
You worshipped Trog.
Trog was extremely pleased with you.
You were near starving.

You visited 1 branch

Inventory:

Hand Weapons
 j - a +2 hand axe
 n - a +2 hand axe of chopping (weapon)
Armour
 b - a +0 animal skin
 m - a +3 chain mail (worn)
Scrolls
 i - a scroll of blinking
 k - 3 scrolls of remove curse
 l - a scroll of summoning
Potions
 a - 2 potions of invisibility
 d - 6 potions of curing
 e - 6 potions of heal wounds
 f - a potion of haste
 g - 4 potions of magic
 h - 3 potions of berserk rage
Comestibles
 c - 9 rations
 o - 4 chunks of flesh


   Skills:
 + Level 8.7 Fighting
 + Level 8.7 Axes
 + Level 5.4 Armour
 + Level 4.6 Dodging


You had 5 spell levels left.
You didn't know any spells.

Dungeon Overview and Level Annotations

Branches:
Dungeon (1/1)

Altars:


Innate Abilities, Weirdness & Mutations

You are resistant to torment.
Your stone body is resilient. (AC +4)
You are immune to poison.
You resist negative energy. (rN+)
You are resistant to electric shocks. (rElec)
You can survive without breathing.
You are immune to petrification.
You are immune to rotting.


Message History

The vampire knight completely misses you.
The vampire knight bites you.
You barely miss the vampire knight.
The vampire knight is lightly damaged.
You hit the vampire knight.
The vampire knight is moderately damaged.
The vampire knight points at you and mumbles some strange words.
You suddenly lose the ability to move!
The vampire knight gestures wildly while chanting.
The vampire knight flickers and vanishes!
Deactivating autopickup; reactivate with Ctrl-A.
You hear some strange, mumbled words.
You shrug off the repeated paralysis!
You are near starving!
Something hits you! Something bites you.
You are no longer berserk.
Trog's vigour flows through your veins.
You feel yourself slow down. Something hits you!!
Ouch! That really hurt!
You die...

#.#........##.......#
#.#........##.......#
#'###########.......#
#.).....# #########
#.###...# #)#.....#
#.#...#.#+#
#.....#.#{+
#...###.#@#
#...)...†.#
###########


There were no monsters in sight!

Vanquished Creatures
  Purgy (D)
  Duvessa (D)
  Dowan (D)
  2 hounds (D)
  An adder (D)
  A river rat (D)
  A white imp (D)
  An adder skeleton (D)
  3 orcs (D)
  A ball python (D)
  A bat skeleton (D)
  A hobgoblin (D)
  A frilled lizard (D)
  A goblin (D)
17 creatures vanquished.

Notes
Turn   | Place    | Note
-------+----------+-------------------------------------------
     0 | D        | Fang the Gargoyle Berserker began the quest for the Orb.
     0 | D        | Reached XP level 1. HP: 14/14 MP: 1/1
    66 | D        | HP: 1/22 [river rat (6)]
    68 | D        | Reached ** piety under Trog
    68 | D        | Reached XP level 2. HP: 1/20 MP: 2/2
   385 | D        | Reached *** piety under Trog
   395 | D        | Reached skill level 5 in Fighting
   395 | D        | Reached XP level 3. HP: 9/26 MP: 3/3
   397 | D        | Reached skill level 5 in Axes
   397 | D        | Reached XP level 4. HP: 10/32 MP: 4/4
   620 | D        | Noticed Dowan
   622 | D        | Noticed Duvessa
   630 | D        | Killed Dowan
   630 | D        | Reached **** piety under Trog
   630 | D        | Reached XP level 5. HP: 38/38 MP: 5/5
   639 | D        | Noticed Purgy
   640 | D        | Killed Duvessa
   640 | D        | Reached XP level 6. HP: 28/44 MP: 6/6
   647 | D        | Killed Purgy
   647 | D        | Reached ***** piety under Trog
   647 | D        | Reached skill level 5 in Armour
   834 | D        | Noticed a vampire knight
   844 | D        | Paralysed by a vampire knight for 6 turns
   849 | D        | Mangled by a vampire knight

Skill      XL: |  1  2  3  4  5  6 |
---------------+-------------------+-----
Axes           | 3 4 5 6 7 8 |  8.7
Fighting       | 4 5 7 8 |  8.7
Dodging        | 2 3 4 |  4.6
Armour         | 3 4 5 |  5.4

Action                   |  1- 3 |  4- 6 || total
-------------------------+-------+-------++-------
Melee: Hand axe          |    38 |    33 ||    71
Invok: Berserk           |     2 |     2 ||     4
  Eat: Chunk             |       |     2 ||     2
Armor: Animal skin       |    15 |       ||    15
       Chain mail        |       |    23 ||    23
Dodge: Dodged            |    25 |    14 ||    39
